 Dungeon Crawl Stone Soup version 0.28.0-45-g0d030f2227 (webtiles) character file.

Game seed: 10011771271592244987

184 101zpm the Magician (level 5, -3/36 HPs)
             Began as a Djinni Hedge Wizard on Apr 20, 2022.
             Slain by Natasha (4 damage)
             ... on level 3 of the Dungeon.
             The game lasted 00:10:57 (5435 turns).

101zpm the Magician (Djinni Hedge Wizard)           Turns: 5435, Time: 00:10:57

Health: -3/36      AC:  2    Str:  9    XL:     5   Next: 96%
Gold:   109        EV: 12    Int: 17    God:
                   SH:  0    Dex: 13

rFire   + + .      SeeInvis .   a - +0 dagger
rCold   x . .      Faith    .   (no shield)
rNeg    . . .      Spirit   .   b - +0 robe
rPois   ∞          Reflect  .   c - +0 hat
rElec   .          Harm     .   (no cloak)
rCorr   .          Rampage  .   (no gloves)
Will    .....                   (boots unavailable)
Stlth   ++........              (no amulet)
HPRegen 0.12/turn               (no ring)
MPRegen 0.00/turn               (no ring)

@: flying, very slightly contaminated
A: sickness immunity, fire resistance 2, cold vulnerability 1, float, innate
caster, HP casting, extra vitality 1
a: no special abilities


You were on level 3 of the Dungeon.
You visited 1 branch of the dungeon, and saw 3 of its levels.

You collected 109 gold pieces.

Inventory:

Hand Weapons
 a - a +0 dagger (weapon)
 m - the +9 trident "Qysexko" {venom, Dex+3}
   (You took it off a kobold on level 3 of the Dungeon)

   It poisons the flesh of those it strikes.
   Dex:       It affects your dexterity (+3).
Armour
 b - a +0 robe (worn)
 c - a +0 hat (worn)
Jewellery
 d - a +6 ring of strength
 e - a +4 ring of protection
Scrolls
 g - a scroll of identify {unknown}
 l - a scroll of magic mapping {unknown}
Potions
 f - 2 potions of resistance {unknown}
 h - 2 potions of lignification {unknown}
 i - a potion of heal wounds {unknown}
 j - a potion of flight {unknown}
 k - a potion of brilliance {unknown}


   Skills:
 + Level 0.7 Fighting
 + Level 2.9 Dodging
 + Level 2.4 Stealth
 + Level 4.1 Spellcasting


You couldn't memorise any spells.
You knew the following spells:

 Your Spells              Type           Power      Damage    Failure   Level
a - Magic Dart            Conj           68%        1d6       2%          1
b - Blink                 Tloc           34%        N/A       4%          2
c - Call Imp              Summ           17%        N/A       4%          2
d - Slow                  Hex            68%        N/A       2%          1
e - Conjure Flame         Conj/Fire      17%        6-21      9%          3
f - Mephitic Cloud        Conj/Pois/Air  17%        N/A       9%          3
g - Beastly Appendage     Tmut           34%        N/A       2%          1
h - Searing Ray           Conj           34%        2d5       4%          2
Your spell library was empty.

Dungeon Overview and Level Annotations

Branches:
Dungeon (3/15)

Altars:

Annotations:
D:3 Natasha, Sigmund


Innate Abilities, Weirdness & Mutations

You are immune to sickness and miasma.
You are immune to poison.
Your flesh is very heat resistant. (rF++)
You are vulnerable to cold. (rC-)
You float through the air rather than walking.
You learn spells naturally, not from books.
Your magical power is your life essence.
You have superior vitality. (+4 MHP)


Message History

Found a +0 dagger.
Natasha hisses angrily.
Things that are here:
the +9 trident "Qysexko" {venom, Dex+3}; 8 poisoned darts; 15 gold pieces
m - the +9 trident "Qysexko" {venom, Dex+3} Natasha casts a spell at you.
The magic dart hits you.
Aiming: Magic Dart (safe; 2% risk of failure)
Press: ? - help, Q - select action, (/) - cycle Shift-Dir - straight line, f - Natasha
Aim: Natasha (100% to hit)
The magic dart hits Natasha.
Natasha is moderately wounded.
Aiming: Magic Dart (safe; 2% risk of failure)
Press: ? - help, Q - select action, (/) - cycle Shift-Dir - straight line, f/p - Natasha
Aim: Natasha (moderately wounded, 100% to hit)
The magic dart hits Natasha.
Natasha is heavily wounded.
Natasha hisses.
Natasha claws you!
Aiming: Magic Dart (safe; 2% risk of failure)
Press: ? - help, Q - select action, (/) - cycle Shift-Dir - straight line, f/p - Natasha
Aim: Natasha (heavily wounded, 100% to hit)
The magic dart hits Natasha.
Natasha is severely wounded.
Natasha casts a spell at you. The magic dart hits you!
* * * LOW HITPOINT WARNING * * *
The adder bites you.
* * * LOW HITPOINT WARNING * * *
Aiming: Magic Dart (safe; 2% risk of failure)
Press: ? - help, Q - select action, (/) - cycle Shift-Dir - straight line, f/p - Natasha
Aim: Natasha (severely wounded, 100% to hit)
You miscast Magic Dart.
You are very lightly contaminated with residual magic.
Nothing appears to happen.
* * * LOW HITPOINT WARNING * * *
The adder bites you.
* * * LOW HITPOINT WARNING * * *
Natasha claws you.
You die...

#### ##. #
...##!. #
#.##.....###?##.#
........#<.......
.# ...
#...#.#....#†..
.# .#.
#........#.....
.. ..
#..##.##.#.....
.#.. ##
#.##.##......##..
.#. #...
#....!@S....... .
.@ ....#
#.)#.h.<.....#..
.#.[....
.......#.....# .
<[.....÷
...#.#.......?#
##.....#
##...##.#.......
.#..# ...
..#.#..... # #
... ..#...###.
... ...#.. # ...
..


You could see Natasha and an adder.

Vanquished Creatures
  Natasha (D:3)
  2 adders
  A worm (D:2)
  A dart slug (D:1)
  5 orcs
  7 ball pythons
  10 bats
  2 endoplasms (D:2)
  3 giant cockroaches
  3 goblins
  5 hobgoblins
  2 quokkas
  2 frilled lizards
  8 kobolds
  4 rats
56 creatures vanquished.

Vanquished Creatures (collateral kills)
  A phantom (D:2)
1 creature vanquished.

Grand Total: 57 creatures vanquished

Notes
Turn   | Place    | Note
-------+----------+-------------------------------------------
     0 | D:1      | 101zpm the Djinni Hedge Wizard began the quest for the Orb.
     0 | D:1      | Reached XP level 1. HP: 15/15 MP: 0/0
   368 | D:1      | Reached XP level 2. HP: 17/21 MP: 0/0
   588 | D:1      | Found a faded altar of an unknown god.
  1186 | D:2      | HP: 1/21 [gnoll/+0 halberd (7)]
  1236 | D:1      | Reached skill level 3 in Spellcasting
  1524 | D:2      | Reached XP level 3. HP: 24/25 MP: 0/0
  1524 | D:2      | Learned a level 1 spell: Beastly Appendage
  2215 | D:2      | Reached XP level 4. HP: 27/31 MP: 0/0
  3086 | D:3      | Noticed Sigmund
  3089 | D:3      | Identified the +9 trident "Qysexko" {venom, Dex+3}
  3462 | D:3      | Noticed Natasha
  3843 | D:3      | HP: 1/31 [orc/+0 flail (9)]
  4857 | D:3      | Killed Natasha
  5196 | D:3      | Noticed a phantom
  5215 | D:2      | Killed a phantom
  5216 | D:2      | Reached skill level 4 in Spellcasting
  5216 | D:2      | Reached XP level 5. HP: 12/36 MP: 0/0
  5216 | D:2      | Learned a level 2 spell: Searing Ray
  5429 | D:3      | Noticed Natasha
  5435 | D:3      | HP: 1/36 [adder (1)]
  5435 | D:3      | Slain by Natasha

Illustrated notes

Levels and vault maps discovered:
D:1:      dpeg_arrival_tiny_a, layout_rooms, serial_co_window_serial,
          co_window_paths_a, co_window_paths_a, co_window_paths_a,
          co_window_paths_a, co_window_paths_a, co_window_paths_a,
          co_window_of_opportunity_a, co_window_paths_a,
          co_window_of_opportunity_a, co_window_broadway_a,
          co_window_of_opportunity_b, co_window_unsneaky_path_b,
          co_window_of_opportunity_c, co_window_2corner, co_window_2corner,
          co_window_paths_d, shapermc_ecumenical_altar_rom_forum
D:2:      kennysheep_six_static_rooms, layout_basic
D:3:      layout_basic, minmay_divided_ellipse, uniq_natasha, uniq_sigmund,
          uniq_grinder

Skill      XL: |  1  2  3  4 |
---------------+-------------+-----
Spellcasting   | 3 4 |  4.1
Stealth        | 2 |  2.4
Fighting       | |  0.7
Dodging        | |  2.9

Action                   |  1- 3 |  4- 6 || total
-------------------------+-------+-------++-------
Melee: Dagger            |       |    17 ||    17
       Headbutt          |       |     1 ||     1
 Cast: Magic Dart        |    90 |    81 ||   171
       Call Imp          |       |     3 ||     3
       Slow              |       |     1 ||     1
       Beastly Appendage |       |     1 ||     1
Armor: Robe              |     3 |     4 ||     7
Dodge: Dodged            |    13 |    35 ||    48
